 Dungeon Crawl Stone Soup version 0.13-b1-32-g21a608e (webtiles) character file.

342 Lilouch the Skirmisher (level 5, 0/45 (46) HPs)
             Began as a Ghoul Fighter on Oct 6, 2013.
             Slain by a gnoll
             ... wielding a +1,+0 whip
              (3 damage)
             ... on Level 4 of the Dungeon.
             The game lasted 00:18:26 (2183 turns).

Lilouch the Skirmisher (Ghoul Fighter)              Turns: 2183, Time: 00:18:26

HP   0/45 (46)   AC  7     Str 21      XL: 5   Next: 56%
MP   3/3         EV  6     Int  3      God:
Gold 166         SH 18     Dex  8      Spells:  0 memorised,  4 levels left

Res.Fire  : . . .   See Invis. : .     - Unarmed
Res.Cold  : + . .   Warding    : .   b - +0 scale mail
Life Prot.: + + +   Conserve   : .   c - +0 shield
Res.Poison: +       Res.Corr.  : .   j - +0 helmet
Res.Elec. : .       Clarity    : .   y - -2 cloak (curse)
Sust.Abil.: . .     Spirit.Shd : .   (no gloves)
Res.Mut.  : .       Stasis     : .   (no boots)
Res.Rott. : +       Flight     : .   (no amulet)
Saprovore : + + +                    (no ring)
                                     (no ring)

@: rotting, glowing, slightly resistant to hostile enchantments, extremely
unstealthy
A: rotting body, claws 1, carnivore 3, cold resistance 1, life protection 3,
poison resistance, saprovore 3, slow healing 1, torment resistance, unbreathing
a: no special abilities


You were on level 4 of the Dungeon.
You were not hungry.

You visited 1 branch of the dungeon, and saw 4 of its levels.

You collected 146 gold pieces.

Inventory:

Hand weapons
 g - a +0,+0 spear
 h - a +0,+1 whip of electrocution
 o - a cursed -2,-1 hand axe
 u - a +4,+2 quarterstaff of chaos
 x - a +2,+1 elven falchion
Missiles
 d - 62 stones (quivered)
 C - 25 bolts
Armour
 b - a +0 scale mail (worn)
 c - a +0 shield (worn)
 j - a +0 helmet (worn)
 y - a cursed -2 cloak (worn)
Comestibles
 s - a slice of pizza
 v - a chunk of adder flesh
 z - 3 meat rations
 B - 2 chunks of hobgoblin flesh
 E - a chunk of giant mite flesh
Scrolls
 a - a scroll of recharging {unknown}
 f - 2 scrolls of noise {unknown}
 i - 2 scrolls of remove curse {unknown}
 k - a scroll of curse armour {unknown}
 l - 4 scrolls of identify {unknown}
 n - 3 scrolls of magic mapping {unknown}
 r - a scroll of teleportation {unknown}
 w - a scroll of enchant weapon II {unknown}
Jewellery
 t - a +3 ring of protection {unknown}
 A - a +4 ring of evasion {unknown}
Potions
 e - 3 potions of invisibility {unknown}
 m - a potion of agility {unknown}
 p - 2 potions of slowing {unknown}
 q - 3 potions of curing {unknown}
 D - a potion of berserk rage {unknown}


   Skills:
 + Level 4.0 Fighting
 + Level 3.3 Armour
 + Level 1.3 Dodging
 + Level 0.5 Stealth
 + Level 3.7 Shields
 + Level 3.3 Unarmed Combat


You had 4 spell levels left.
You didn't know any spells.

Dungeon Overview and Level Annotations

Branches:
Dungeon (4/27)
 Temple: D:4-7

Altars:
Okawaru
the Shining One


Innate Abilities, Weirdness & Mutations

Your body is rotting away.
You have sharp fingernails.
You are carnivorous and can eat meat at any time.
Your flesh is cold resistant.
You are immune to negative energy.
Your system is resistant to poisons.
You thrive on rotten meat.
You heal slowly.
You are immune to unholy pain and torment.
You can survive without breathing.


Message History

The adder is almost dead.
The adder is no longer bleeding.
The gnoll hits you with a whip.
* * * LOW HITPOINT WARNING * * *
The gnoll shaman calls upon its god to speed up the gnoll.
The gnoll seems to speed up.
The adder bites you but does no damage.
The gnoll picks up a dagger.
You block the gnoll's attack. You block the adder's attack.
The gnoll throws a dagger.
You block the dagger.
You see here a dagger.
The gnoll picks up a dagger.
You block the gnoll's attack.
You feel your flesh rotting away.
* * * LOW HITPOINT WARNING * * *
The adder bites you but does no damage. The gnoll hits you with a whip.
* * * LOW HITPOINT WARNING * * *
The gnoll hits you but does no damage. The adder barely misses you.
You block the gnoll's attack. The gnoll hits you with a whip.
You die...

####.........#
#............#
#.........[..#
###............#
#...##.......####
#...............#
#...............#
###....<........#
#...#....@..####
#.......Sgg.#
#........g..#
......[...g..#
..............#
#..............#
######...<.g..#
##....g..#
#......)##


You could see a gnoll shaman, 5 gnolls and an adder.

Vanquished Creatures
  Crazy Yiuf (D:3)
  A worker ant (D:4)
  2 gnolls
  4 adders
  2 giant mites
  2 worms (D:4)
  An orc (D:3)
  5 giant cockroaches
  5 goblins
  6 hobgoblins
  3 quokkas (D:2)
  3 bats
  A giant newt (D:1)
  5 kobolds
  4 rats
45 creatures vanquished.

Notes
Turn   | Place    | Note
--------------------------------------------------------------
     0 | D:1      | Lilouch, the Ghoul Fighter, began the quest for the Orb.
     0 | D:1      | Reached XP level 1. HP: 19/19 MP: 0/0
   143 | D:1      | Reached XP level 2. HP: 26/26 MP: 1/1
   493 | D:1      | Reached XP level 3. HP: 29/33 MP: 2/2
   954 | D:2      | Reached XP level 4. HP: 24/38 MP: 2/2
  1345 | D:3      | Found a glowing golden altar of the Shining One.
  1378 | D:3      | Found an iron altar of Okawaru.
  1649 | D:3      | Noticed Crazy Yiuf
  1659 | D:3      | Killed Crazy Yiuf
  2064 | D:4      | Reached XP level 5. HP: 35/46 MP: 3/3
  2071 | D:4      | Reached skill level 1 in Dodging
  2158 | D:4      | Reached skill level 4 in Fighting
  2183 | D:4      | Slain by a gnoll

Action                   |  1- 3 |  4- 6 || total
-------------------------+-------+-------++-------
Melee: Unarmed           |    83 |   131 ||   214
Throw: Stone             |     1 |       ||     1
